 Dungeon Crawl Stone Soup version 0.31-a0-1009-g454b1f1e0a (webtiles) character file.

Game seed: 4322299180875334234

6349 Gumption the Grappler (level 10, -1/98 HPs)
             Began as a Troll Fighter on Nov 16, 2023.
             Was a High Priest of Ignis.
             Slain by an eight-headed hydra (11 damage)
             ... on level 11 of the Dungeon.
             The game lasted 00:39:56 (7606 turns).

Gumption the Grappler (Troll Fighter)               Turns: 7606, Time: 00:39:57

Health: -1/98      AC: 10    Str: 26    XL:     10   Next: 65%
Magic:  9/9        EV: 10    Int:  4    God:    Ignis [*****.]
Gold:   568        SH: 17    Dex: 13    Spells: 9/9 levels left

rFire   + .          .
                       - Unarmed
rCold   . . .        o - +2 tower shield
rNeg    . . .        J - +1 robe {Will+}
rPois   .            (helmet restricted)
rElec   .            p - +0 cloak
rCorr   .            (gloves unavailable)
SInv    .            (boots unavailable)
Will    ++...        (no amulet)
Stlth   +            n - +4 ring of protection
HPRegen 1.16/turn    a - ring of willpower
MPRegen 0.11/turn

%: no passive effects
@: no status effects
A: large, unfitting armour, claws 3, regeneration 1, shaggy fur 1, tough skin 1
a: Renounce Religion, Fiery Armour, Foxfire Swarm, Rising Flame


You were on level 11 of the Dungeon.
You worshipped Ignis.
Ignis was extremely pleased with you.
You visited 1 branch of the dungeon, and saw 11 of its levels.

You collected 568 gold pieces.

Inventory:

Missiles
 e - 106 stones
 D - 10 boomerangs (quivered)
 G - 14 poisoned darts
Armour
 o - a +2 tower shield (worn)
 p - a +0 cloak (worn)
 z - +0 steam dragon scales
 J - a +1 robe of willpower (worn)
Jewellery
 a - a ring of willpower (right claw)
 n - a +4 ring of protection (left claw)
 v - a ring of ice
 B - a ring of resist corrosion
Wands
 y - a wand of paralysis (23)
 C - a wand of polymorph (5)
Scrolls
 d - 2 scrolls of amnesia
 f - a scroll of identify
 g - a scroll of noise
 h - a scroll of enchant armour {unknown}
 l - 2 scrolls of teleportation
 m - 2 scrolls of enchant weapon
 q - a scroll of immolation {unknown}
 r - 2 scrolls of blinking
 s - a scroll of torment {unknown}
 t - a scroll of fear {unknown}
 u - a scroll of poison
 E - a scroll of fog {unknown}
 H - a scroll of brand weapon {unknown}
Potions
 b - 2 potions of enlightenment
 c - a potion of might
 i - 2 potions of cancellation
 j - a potion of mutation
 k - a potion of lignification
 w - a potion of invisibility
 x - 4 potions of curing
 A - a potion of haste
 F - a potion of heal wounds {unknown}
 I - 2 potions of magic {unknown}
 K - a potion of degeneration {unknown}


   Skills:
 + Level 5.9 Fighting
 + Level 6.0 Dodging
 * Level 9.2 Shields
 * Level 9.7 Unarmed Combat


You had 9 spell levels left.
You didn't know any spells.
Your spell library contained the following spells:

 Spells                   Type           Power      Damage    Failure   Level
 Apportation              Tloc           0%         N/A       89%         1
 Necrotise                Necr           0%         1d4       89%         1
 Shock                    Conj/Air       0%         1d3       89%         1
 Summon Small Mammal      Summ           0%         N/A       89%         1
 Sublimation of Blood     Necr           0%         N/A       96%         2
 Dazzling Flash           Conj/Hex       0%         N/A       99%         3
 Swiftness                Air            0%         N/A       99%         3
 Tukima's Dance           Hex            0%         N/A       99%         3
 Vampiric Draining        Necr           0%         2d6       99%         3
 Airstrike                Air            0%         2d(0-16)  100%        4
 Dimensional Bullseye     Hex/Tloc       0%         N/A       100%        4
 Iskenderun's Mystic Bla  Conj/Tloc      0%         2d3       100%        4
 Petrify                  Tmut/Erth      0%         N/A       100%        4
 Agony                    Necr           0%         N/A       100%        5
 Irradiate                Conj/Tmut      0%         3d11      100%        5
 Silence                  Hex/Air        0%         N/A       100%        5


Dungeon Overview and Level Annotations

Branches:
Dungeon (11/15)            Temple (0/1) D:5            Lair (0/5) D:8
    Orc: D:9-12

Altars:
Cheibriados
Elyvilon
Kikubaaqudgha
Makhleb
Okawaru
Ru
Ignis

Shops:
D:2 =   D:7 *   D:10 [

Annotations:
D:5 3 runed translucent doors, BinkBink's ghost, novice TeMo


Innate Abilities, Weirdness & Mutations

You are too large for most types of armour.
You have claws for hands.
Your natural rate of healing is unusually fast.
You are covered in fur. (AC +1)
You have tough skin. (AC +1)


Message History

The seven-headed hydra is moderately wounded.
The seven-headed hydra bites you but does no damage.
You block the seven-headed hydra's attack. x2
The seven-headed hydra bites you.
You block the seven-headed hydra's attack. x2
The seven-headed hydra closely misses you.
You barely miss the seven-headed hydra.
The seven-headed hydra is moderately wounded.
You block the seven-headed hydra's attack.
The seven-headed hydra bites you. The seven-headed hydra bites you!
* * * LOW HITPOINT WARNING * * *
The seven-headed hydra bites you!
* * * LOW HITPOINT WARNING * * *
The seven-headed hydra barely misses you.
You block the seven-headed hydra's attack.
The seven-headed hydra bites you but does no damage.
You tear one of the seven-headed hydra's heads off!
The six-headed hydra grows two more!
You mangle the eight-headed hydra!!
The eight-headed hydra is heavily wounded.
You block the eight-headed hydra's attack. x2
The eight-headed hydra bites you.
* * * LOW HITPOINT WARNING * * *
The eight-headed hydra bites you!
* * * LOW HITPOINT WARNING * * *
The eight-headed hydra bites you!
* * * LOW HITPOINT WARNING * * *
You block the eight-headed hydra's attack.
The eight-headed hydra barely misses you.
The eight-headed hydra closely misses you.
The eight-headed hydra barely misses you.
The eight-headed hydra bites you!
* * * LOW HITPOINT WARNING * * *
The eight-headed hydra closely misses you.
The eight-headed hydra bites you but does no damage.
The eight-headed hydra bites you!
* * * LOW HITPOINT WARNING * * *
The eight-headed hydra closely misses you.
The eight-headed hydra bites you but does no damage.
The eight-headed hydra bites you!
You die...

##### #..>###
#..... #...#
####.#####
#..<.@Dl.#
#.#####O.# #
#..#
###..####.#
#.........#
...?...O....###
#####.#..##.#
#.#..# .#
#.#... #


You could see an eight-headed hydra, a two-headed ogre and a wyvern.

Vanquished Creatures
  Jeremiah (D:7)
  Maggie (D:6)
  2 trolls
  A hornet (D:9)
  Grinder (D:3)
  4 wyverns
  9 yaks
  3 orc warriors
  A sky beast (D:7)
  An ice beast (D:6)
  A black bear (D:6)
  2 ogres (D:5)
  2 centaurs
  A bullfrog (D:8)
  A scorpion (D:7)
  4 kobold brigands
  8 wights
  6 killer bees (D:9)
  A howler monkey (D:8)
  A vampire bat (D:6)
  4 hounds (D:5)
  3 jellies
  5 orc priests
  2 gnoll boudas
  2 iguanas
  10 orc wizards
  4 adders
  10 gnolls
  2 shadow imps (D:6)
  A white imp (D:6)
  2 ufetubi (D:5)
  3 worms
  3 dart slugs
  41 orcs
  3 bat skeletons (D:6)
  4 bat zombies (D:6)
  4 endoplasms
  6 giant cockroaches
  16 goblins
  8 hobgoblins
  3 jackals (D:5)
  20 kobolds
  3 quokkas (D:1)
  5 ball pythons
  7 bats
  3 frilled lizards
  5 rats
230 creatures vanquished.

Notes
Turn   | Place    | Note
-------+----------+-------------------------------------------
     0 | D:1      | Gumption the Troll Fighter began the quest for the Orb.
     0 | D:1      | Reached XP level 1. HP: 22/22 MP: 0/0
   161 | D:1      | Reached XP level 2. HP: 29/29 MP: 1/1
   174 | D:1      | Found a faded altar of an unknown god.
   187 | D:1      | Prayed at the altar of an unknown god.
   187 | D:1      | Became a worshipper of Ignis, the Dying Flame
   723 | D:1      | Reached XP level 3. HP: 36/36 MP: 2/2
  1429 | D:2      | Found Cikeck's Jewellery Shop.
  1843 | D:3      | Reached XP level 4. HP: 33/44 MP: 3/3
  1876 | D:3      | Identified the +12 dagger "Ygyat" {freeze, *Slow Fly rF+
                  | rCorr}
  2009 | D:3      | Reached XP level 5. HP: 39/52 MP: 4/4
  2118 | D:3      | Noticed Grinder
  2132 | D:3      | Killed Grinder
  2133 | D:3      | Reached XP level 6. HP: 38/61 MP: 5/5
  2496 | D:4      | Found a burning altar of Makhleb.
  3107 | D:5      | Entered Level 5 of the Dungeon
  3119 | D:5      | Found a staircase to the Ecumenical Temple.
  3190 | D:5      | Reached XP level 7. HP: 50/67 MP: 6/6
  3284 | D:5      | Reached skill level 5 in Shields
  3284 | D:5      | Reached skill level 5 in Unarmed Combat
  3557 | D:5      | Identified the +1 dagger of Wupeige {speed, rElec Str+4
                  | Dex+3}
  3557 | D:5      | Identified the +3 chain mail of Starshine {Rampage rF++
                  | Will+ Dex-5}
  3557 | D:5      | Found a runed translucent gate.
  3557 | D:5      | Noticed BinkBink's ghost (novice TeMo)
  3558 | D:5      | Found a runed translucent gate.
  3559 | D:5      | Found a runed translucent gate.
  3990 | D:6      | Noticed Maggie
  3990 | D:6      | Paralysed by Maggie for 3 turns
  4004 | D:6      | Killed Maggie
  4005 | D:6      | Reached XP level 8. HP: 35/78 MP: 7/7
  4247 | D:6      | Found an ancient bone altar of Kikubaaqudgha.
  4453 | D:6      | Found a faded altar of an unknown god.
  4453 | D:6      | Found a sacrificial altar of Ru.
  4461 | D:6      | Found a white marble altar of Elyvilon.
  4463 | D:6      | Found a snail-covered altar of Cheibriados.
  4469 | D:6      | Found a faded altar of an unknown god.
  4746 | D:7      | Found Rigiphul's General Store.
  4992 | D:7      | Noticed Jeremiah
  4993 | D:7      | Noticed a troll
  5003 | D:7      | Killed a troll
  5115 | D:7      | Reached XP level 9. HP: 70/82 MP: 8/8
  5161 | D:7      | Killed Jeremiah
  5468 | D:8      | Reached skill level 5 in Dodging
  5475 | D:8      | Reached skill level 5 in Fighting
  5790 | D:8      | Found a staircase to the Lair.
  6163 | D:9      | Reached XP level 10. HP: 73/96 MP: 9/9
  6826 | D:10     | Entered Level 10 of the Dungeon
  7185 | D:10     | Found an iron altar of Okawaru.
  7398 | D:10     | Found Vehorph's Armour Emporium.
  7592 | D:11     | Noticed a five-headed hydra
  7593 | D:11     | Noticed a two-headed ogre
  7606 | D:11     | Slain by an eight-headed hydra

Illustrated notes

Levels and vault maps discovered:
D:1:      evilmike_arrival_hilbert_curve, layout_basic,
          shapermc_ecumenical_altar_notcrosses, chequers_avenue,
          wad_floor_pattern_untrapped, skrybe_limestone_x
D:2:      layout_basic, serial_shops, nicolae_shop_pleasant_corner_grove
D:3:      layout_loops_ring, kennysheep_generic_room_14, uniq_grinder
D:4:      layout_gridville, lemuel_tele_altar
D:5:      layout_loops_cross, minmay_temple_entry_junction,
          biasface_ghost_orc_armoury, minmay_ogre_servants
D:6:      layout_basic, kennysheep_vampire_church,
          chequers_temple_overflow_minitemple, uniq_maggie
D:7:      layout_basic, serial_shops, shop, uniq_jeremiah
D:8:      layout_basic, lair_entry_dummy
D:9:      layout_long_grid
D:10:     layout_roguey, mainiacjoe_overflow_cross_hatched, serial_shops, shop,
          dreamdust_mushroom_princess
D:11:     layout_loops_ring, minmay_orc_entry_guard_dogs, serial_shops,
          shop_fountains, uniq_snorg, uniq_sonja

Skill      XL: |  1  2  3  4  5  6  7  8  9 10 |
---------------+-------------------------------+-----
Shields        | 3 4 5 6 8 9 |  9.2
Unarmed Combat | 3 4 6 7 8 9 |  9.7
Dodging        | 3 4 5 6 |  6.0
Fighting       | 3 4 5 |  5.9

Action                     |  1- 3 |  4- 6 |  7- 9 | 10-12 || total
---------------------------+-------+-------+-------+-------++-------
  Melee: Unarmed           |    96 |   115 |   356 |   180 ||   747
  Throw: Boomerang         |       |       |    12 |     1 ||    13
    Use: Scroll            |       |       |    13 |       ||    13
 Armour: Robe              |    32 |    35 |    68 |    40 ||   175
         Steam dragon scal |       |       |   115 |    56 ||   171
  Dodge: Dodged            |    27 |    14 |    73 |    40 ||   154
  Block: Kite shield       |    34 |       |       |       ||    34
         Tower shield      |     6 |    70 |   286 |   168 ||   530

Table legend: (Time is in decaauts)
 A = Elapsed time spent in this place.
 B = Non-inter-level travel time spent in this place.
 C = Inter-level travel time spent in this place.
 D = Time resting spent in this place.
 E = Time spent auto-exploring this place.
 F = Levels seen in this place.
 G = Mean time per level.
                   A        B        C        D        E       F      G
               +--------+--------+--------+--------+--------+-----+--------+
         Total |   7678 |   7678 |      0 |    339 |   4230 |  11 |  698.0 |
       Dungeon |   7678 |   7678 |      0 |    339 |   4230 |  11 |  698.0 |
               +--------+--------+--------+--------+--------+-----+--------+

Top non-repeatable levels by time:
     D:1: 1082 daAuts
     D:3: 802 daAuts
     D:5: 794 daAuts
     D:9: 793 daAuts
     D:4: 756 daAuts
     D:8: 753 daAuts
    D:10: 749 daAuts
     D:7: 730 daAuts
     D:6: 643 daAuts
     D:2: 551 daAuts
    D:11: 19 daAuts
